 Dungeon Crawl Stone Soup version 0.32-a0-22-g6ae6769602 (webtiles) character file.

Game seed: 15102637719460072581

3512627 Khashishi the Ninja (level 27, 214/214 (224) HPs)
             Began as an Octopode Shapeshifter on Jan 18, 2024.
             Was the Champion of Ru.
             Escaped with the Orb
             ... and 5 runes on Jan 19, 2024!
             The game lasted 06:30:21 (61115 turns).

Khashishi the Ninja (Octopode Shapeshifter)        Turns: 61115, Time: 06:30:22

HP:   214/214 (224) AC: 12    Str: 12    XL:     27
MP:   25/25         EV: 56    Int: 15    God:    Ru [******]
Gold: 8683          SH: 32    Dex: 44    Spells: 26/26 levels left

rFire   + + .        E - +6 rapier "Plojy" {speed, rF+ rC+ Int-4 Dex+6}
rCold   + + .        T - +5 Storm Queen's Shield {shock, Fly rElec}
rNeg    + + +        S - +2 hat {Will+}
rPois   +            n - amulet "Noeq" {Reflect rPois rN++ Dex-5 SH+5 SInv}
rElec   +            u - +6 ring of dexterity
rCorr   +            t - +4 ring of slaying
SInv    +            W - ring of Ughel {AC+4 SInv}
Will    ++++.        D - ring of Codwitz {Fly rCorr Dex+3 Stlth+}
Stlth   ++++         c - ring of protection from cold
HPRegen 0.55/turn    z - +6 ring of dexterity
MPRegen 0.19/turn    K - ring "Erueg" {rN+ AC+4 Dex+2 Stlth-}
                     H - ring "Joteprass" {rF+ Will+ Int+5 Dex+3}

%: reflection
@: maw-form, flying, studying 2 skills, lightly drained
A: devouring maw, almost no armour, amphibious, 8 rings, camouflage 1, inhibited
regeneration, gelatinous body 1, inability to drink after injury 2, inability to
use devices, hated by all, no air magic, no necromancy magic, no alchemy magic,
(nimble swimmer 1), tentacles, deterioration 1, high MP 1, screaming 1, shaggy
fur 1, weak 1
0: Orb of Zot
}: 5/15 runes: barnacled, slimy, silver, abyssal, gossamer
a: Begin Untransformation, Renounce Religion, Draw Out Power, Power Leap,
Apocalypse


You escaped.
You worshipped Ru.
Ru was exalted by your worship.
You were a creature with a mouth for a stomach.
You visited 12 branches of the dungeon, and saw 54 of its levels.
You visited the Abyss 1 time.
You also visited: Sewer.

You collected 10253 gold pieces.
You spent 1570 gold pieces at shops.

Inventory:

Hand Weapons
 h - the +8 dagger of the Wraith {spect, Will+++ rCorr Str-3 Dex-3}
   (You took it off a hobgoblin on level 2 of the Dungeon)

   Str-3:     It affects your strength (-3).
   Dex-3:     It affects your dexterity (-3).
   Will+++:   It greatly increases your willpower.
   rCorr:     It protects you from acid and corrosion.
 E - the +6 rapier "Plojy" (weapon) {speed, rF+ rC+ Int-4 Dex+6}
   (You acquired it on level 4 of the Depths)

   Int-4:     It affects your intelligence (-4).
   Dex+6:     It affects your dexterity (+6).
   rF+:       It protects you from fire.
   rC+:       It protects you from cold.
Missiles
 p - 9 throwing nets (quivered)
 y - 9 curare-tipped darts
Armour
 S - a +2 hat of willpower (worn)
 T - the +5 Storm Queen's Shield (worn) {shock, Fly rElec}
   (You found it on level 3 of the Elven Halls)

   Shock:     When it blocks an attack, it may electrocute the attacker.
   This works even against foes who are a short distance away.
   rElec:     It insulates you from electricity.
   Fly:       It grants you flight.
Jewellery
 c - a ring of protection from cold (on tentacle)
 j - a ring of positive energy
 n - the amulet "Noeq" (around mantle) {Reflect rPois rN++ Dex-5 SH+5 SInv}
   (You took it off a deep elf zephyrmancer on level 3 of the Elven Halls)

   [amulet of reflection]

   Reflect:   It reflects blocked missile attacks.
   Dex-5:     It affects your dexterity (-5).
   rPois:     It protects you from poison rN++: It greatly protects you from
   negative energy.
   SInv:      It lets you see invisible.
   SH+5:      It affects your SH (+5).
 s - the ring "Honah" {*Corrode rPois rN+ Str+3 Dex+5}
   (You took it off a black draconian on level 2 of the Realm of Zot)

   [ring of positive energy]

   Str+3:     It affects your strength (+3).
   Dex+5:     It affects your dexterity (+5).
   rPois:     It protects you from poison rN+: It protects you from negative
   energy.
   *Corrode:  It may corrode you when you take damage.
 t - a +4 ring of slaying (right tentacle)
 u - a +6 ring of dexterity (left tentacle)
 x - a ring of protection from fire
 z - a +6 ring of dexterity (on tentacle)
 D - the ring of Codwitz (on tentacle) {Fly rCorr Dex+3 Stlth+}
   (You took it off a merfolk on level 4 of the Shoals)

   [ring of flight]

   Dex+3:     It affects your dexterity (+3).
   Fly:       It grants you flight.
   rCorr:     It protects you from acid and corrosion.
   Stlth+:    It makes you more stealthy.
 H - the ring "Joteprass" (on tentacle) {rF+ Will+ Int+5 Dex+3}
   (You found it on level 3 of the Elven Halls)

   [ring of protection from fire]

   Int+5:     It affects your intelligence (+5).
   Dex+3:     It affects your dexterity (+3).
   rF+:       It protects you from fire.
   Will+:     It increases your willpower.
 K - the ring "Erueg" (on tentacle) {rN+ AC+4 Dex+2 Stlth-}
   (You found it on level 3 of the Lair of Beasts)

   [ring of protection]

   AC+4:      It affects your AC (+4).
   Dex+2:     It affects your dexterity (+2).
   rN+:       It protects you from negative energy.
   Stlth-:    It makes you less stealthy.
 U - a ring of protection from cold
 V - the amulet of Dissent {Reflect rCorr Dex+2 SH+5}
   (You found it on level 3 of the Vaults)

   [amulet of reflection]

   Reflect:   It reflects blocked missile attacks.
   Dex+2:     It affects your dexterity (+2).
   rCorr:     It protects you from acid and corrosion.
   SH+5:      It affects your SH (+5).
 W - the ring of Ughel (on tentacle) {AC+4 SInv}
   (You found it on level 3 of the Vaults)

   [ring of protection]

   AC+4:      It affects your AC (+4).
   SInv:      It lets you see invisible.
Talismans
 M - a talisman of death
 N - a storm talisman
 Y - a maw talisman (active)
Scrolls
 a - 6 scrolls of poison
 d - 6 scrolls of fog
 i - 18 scrolls of teleportation
 m - 8 scrolls of fear
 r - 10 scrolls of immolation
 G - a scroll of revelation
 I - 7 scrolls of blinking
 O - 3 scrolls of vulnerability
 P - 3 scrolls of silence
Potions
 e - 8 potions of lignification
 f - 7 potions of mutation
 g - 3 potions of haste
 l - 6 potions of enlightenment
 o - 2 potions of invisibility
 q - 18 potions of curing
 v - 4 potions of attraction
 w - 5 potions of magic
 A - 8 potions of cancellation
 B - 2 potions of might
 C - 6 potions of berserk rage
 J - 6 potions of ambrosia


   Skills:
 O Level 27 Fighting
 - Level 14.0 Short Blades
 + Level 25.3 Dodging
 O Level 27 Stealth
 + Level 21.5 Shields
 - Level 3.2 Unarmed Combat
 - Level 20.6 Shapeshifting


You had 26 spell levels left.
You didn't know any spells.
Your spell library contained the following spells:

 Spells                   Type           Power      Damage    Failure   Level
 Apportation              Tloc           0%         N/A       34%         1
 Foxfire                  Conj/Fire      0%         2x1d4     34%         1
 Magic Dart               Conj           0%         1d3       34%         1
 Ensorcelled Hibernation  Hex/Ice        0%         N/A       47%         2
 Jinxbite                 Hex            0%         N/A       47%         2
 Lesser Beckoning         Tloc           0%         N/A       47%         2
 Searing Ray              Conj           0%         2d4       47%         2
 Confusing Touch          Hex            0%         N/A       71%         3
 Dazzling Flash           Conj/Hex       0%         N/A       71%         3
 Frozen Ramparts          Ice            0%         1d1       71%         3
 Gell's Gravitas          Tloc           0%         N/A       71%         3
 Hailstorm                Conj/Ice       0%         3d5       71%         3
 Inner Flame              Hex/Fire       0%         N/A       71%         3
 Ozocubu's Armour         Ice            0%         N/A       71%         3
 Passwall                 Erth           0%         N/A       71%         3
 Sigil of Binding         Hex            0%         N/A       71%         3
 Stone Arrow              Conj/Erth      0%         3d7       71%         3
 Teleport Other           Tloc           0%         N/A       71%         3
 Volatile Blastmotes      Fire/Tloc      0%         2d10      71%         3
 Cause Fear               Hex            0%         N/A       98%         4
 Dimensional Bullseye     Hex/Tloc       0%         N/A       98%         4
 Flame Wave               Conj/Fire      0%         2d4       98%         4
 Iskenderun's Mystic Bla  Conj/Tloc      0%         2d3       98%         4
 Manifold Assault         Tloc           0%         N/A       98%         4
 Passage of Golubria      Tloc           0%         N/A       98%         4
 Lee's Rapid Deconstruct  Erth           0%         3d4*      100%        5
 Metabolic Englaciation   Hex/Ice        0%         N/A       100%        5
 Dispersal                Tloc           0%         N/A       100%        6
 Starburst                Conj/Fire      0%         6d3       100%        6
 Enfeeble                 Hex            0%         N/A       100%        7
 Ozocubu's Refrigeration  Ice            0%         4d7       100%        7
 Discord                  Hex            0%         N/A       100%        8
 Disjunction              Tloc           0%         N/A       100%        8
 Ignition                 Fire           0%         3d3       100%        8
 Lehudib's Crystal Spear  Conj/Erth      0%         10d2      100%        8
 Fire Storm               Conj/Fire      0%         5d1       100%        9
 Polar Vortex             Ice            0%         N/A       100%        9
 Shatter                  Erth           0%         3d5*      100%        9
 Kiss of Death            Conj/Necr      Unusable   2d5       N/A         1
 Necrotise                Necr           Unusable   1d4       N/A         1
 Sting                    Conj/Alch      Unusable   1d3       N/A         1
 Summon Small Mammal      Summ           Unusable   N/A       N/A         1
 Cigotuvi's Dreadful Rot  Necr/Alch/Air  Unusable   N/A       N/A         2
 Mercury Vapours          Alch/Air       Unusable   N/A       N/A         2
 Static Discharge         Conj/Air       Unusable   3-3/arc   N/A         2
 Call Canine Familiar     Summ           Unusable   N/A       N/A         3
 Fugue of the Fallen      Necr           Unusable   N/A       N/A         3
 Summon Ice Beast         Ice/Summ       Unusable   N/A       N/A         3
 Swiftness                Air            Unusable   N/A       N/A         3
 Tukima's Dance           Hex            Unusable   N/A       N/A         3
 Vampiric Draining        Necr           Unusable   2d6       N/A         3
 Airstrike                Air            Unusable   2d(0-16)  N/A         4
 Anguish                  Hex/Necr       Unusable   N/A       N/A         4
 Animate Armour           Summ/Erth      Unusable   N/A       N/A         4
 Dispel Undead            Necr           Unusable   3d6       N/A         4
 Fulminant Prism          Conj/Alch      Unusable   3d5       N/A         4
 Ignite Poison            Fire/Alch      Unusable   N/A       N/A         4
 Leda's Liquefaction      Alch/Erth      Unusable   N/A       N/A         4
 Martyr's Knell           Necr/Summ      Unusable   N/A       N/A         4
 Olgreb's Toxic Radiance  Alch           Unusable   N/A       N/A         4
 Petrify                  Alch/Erth      Unusable   N/A       N/A         4
 Sticky Flame             Fire/Alch      Unusable   2d4       N/A         4
 Summon Lightning Spire   Summ/Air       Unusable   N/A       N/A         4
 Curse of Agony           Necr           Unusable   N/A       N/A         5
 Freezing Cloud           Conj/Ice/Air   Unusable   6-21      N/A         5
 Irradiate                Conj/Alch      Unusable   3d11      N/A         5
 Yara's Violent Unravell  Hex/Alch       Unusable   3d3       N/A         5
 Conjure Ball Lightning   Conj/Air       Unusable   3x3d6     N/A         6
 Plasma Beam              Fire/Air       Unusable   2x1d10    N/A         6
 Sculpt Simulacrum        Ice/Alch       Unusable   N/A       N/A         6
 Maxwell's Capacitive Co  Air            Unusable   ∞         N/A         8
 Chain Lightning          Conj/Air       Unusable   N/A       N/A         9

Dungeon Overview and Level Annotations

Branches:
Dungeon (15/15)            Temple (1/1) D:7            Lair (5/5) D:10
 Shoals (4/4) Lair:2       Spider (4/4) Lair:2        Slime (5/5) Lair:5
    Orc (2/2) D:11            Elf (3/3) Orc:2        Vaults (5/5) D:14
  Crypt (0/3) Vaults:3     Depths (4/4) D:15           Hell (visited)
    Dis (0/7) Hell            Geh (0/7) Hell            Coc (0/7) Hell
    Tar (0/7) Hell            Zot (5/5) Depths:4      Sewer (visited)

Altars:
Ashenzari
Cheibriados
Dithmenos
Elyvilon
Gozag
Kikubaaqudgha
Makhleb
Nemelex Xobeh
Okawaru
Qazlal
Ru
Sif Muna
Trog
Uskayaw
Vehumet
Wu Jian
Xom
Zin
The Shining One

Shops:
D:1 (   D:8 :   D:12 *   D:15 [   Orc:2 ((:*   Elf:3 [   Shoals:1 *(*[*
Depths:1 :(   Depths:2 =:=   Depths:3 *

Portals:
Hell: Depths:1 Depths:2 Depths:3 Depths:4
Abyss: Zot:3 Depths:1 Depths:2 Depths:3 Depths:4
Pandemonium: Depths:2 Depths:3
Ziggurat: Depths:3


Innate Abilities, Weirdness & Mutations

You are a creature with a mouth for a stomach.
Your midsection houses a second, enormous mouth.
You cannot wear most types of armour.
You are amphibious.
You can wear up to eight rings at the same time.
Your skin changes colour to match your surroundings (Stealth+).
You do not regenerate when monsters are visible.
Your rubbery body absorbs attacks. (AC +1, EV +1)
You sometimes lose the ability to drink potions when taking damage.
You cannot study or use magical devices.
You are hated by all.
You cannot study or cast Air magic.
You cannot study or cast Necromancy magic.
You cannot study or cast Alchemy magic.
((You are camouflaged when in or above water. (Stealth+)))
You have tentacles for arms and can constrict up to eight enemies at once.
Your body sometimes deteriorates upon taking damage.
You have an increased reservoir of magic. (+10% MP)
You occasionally shout uncontrollably at your foes.
You are covered in fur. (AC +1)
You are weak. (Str -2)


Message History

What level of the Dungeon? (default 1, ? - help)
There is a stone staircase leading up here.
You fly upwards.
There is a stone staircase leading down here.
You feel less exhausted.
You see here a +0 whip.
You see here a +0 whip.
You see here a +0 leather armour.
There is a stone staircase leading up here.
You fly upwards.
There is a stone staircase leading down here.
There is a stone staircase leading up here.
You fly upwards.
There is a stone staircase leading down here.
There is an open door here.
An Orb Guardian comes into view.
There is an open door here.
There is a stone staircase leading up here.
You fly upwards.
There is a stone staircase leading down here.
What level of the Dungeon? (default 1, ? - help)
There is a stone staircase leading up here.
You fly upwards.
There is a stone staircase leading down here.
An efreet comes into view.
It is wielding a +4 scimitar of flaming.
There is a stone staircase leading up here.
You fly upwards.
There is a stone staircase leading down here.
What level of the Dungeon? (default 1, ? - help) HP restored.
There is a stone staircase leading up here.
You fly upwards.
There is a stone staircase leading down here.
You see here a +0 falchion.
There is a stone staircase leading up here.
You fly upwards.
There is a stone staircase leading down here.
There is an open gate here.
There is a staircase leading out of the dungeon here.
You have escaped!

># #.# # ♣♣♣###.# #### #
....##.#### ###..######## #
♣♣♣.......###....#......# #
.###.#.####......#.####.# #
......###........#.# #.#
.######......~~..### #.#
.#.'.......~~≈~..# ##.## ####
...'.....~~~≈≈~.W#####...#####...
.#.'.......~~~~..##..........#.##
.######......~~..##.##...###.#.#
.# #.####........#..###.## #.#.#
.###.# ###......#### #.####.#.##
.....# #####....######...##....#
###..####...###..#.............#.
###.......#...####.######.##....#
........#....#.....######.##.#.##


There were no monsters in sight!

Vanquished Creatures
  the Royal Jelly (Slime:5)
  A seraph (D:10)
  2 dread liches (Vaults:5)
  Tiamat (Zot:1)
  7 ancient liches
  The ghost of Pessaschasee the Conqueror, a legendary HOFi of the Shining One (Zot:3)
  Mara (Vaults:5)
  5 orbs of fire
  Saint Roka (Elf:2)
  9 Killer Klowns
  The ghost of indigowater the Slayer, a veteran MiBe of Trog (Zot:2)
  3 curse toes
  Geryon (Hell)
  17 golden dragons
  A profane servitor (Zot:3)
  5 pandemonium lords
  Norris (Elf:1)
  4 doom hounds (Hell)
  3 electric golems
  A bone dragon (Zot:1)
  A Brimstone Fiend (Zot:1)
  The ghost of Vothoj the Scorcher, an adept DgAE (Depths:4)
  28 tentacled monstrosities
  24 Orb Guardians
  2 Hell Sentinels (Zot:3)
  A hellephant (Hell)
  Jorgrun (D:14)
  8 liches
  Asterion (Spider:4)
  4 titans
  2 deep elf master archers (Elf:3)
  34 acid blobs
  2 deep elf blademasters (Elf:3)
  An Executioner (Zot:3)
  Frances (D:13)
  8 death cobs
  3 tentacled starspawn
  5 quicksilver dragons
  16 shadow dragons
  A kraken (Shoals:3)
  4 sphinxes
  3 tengu reavers
  Agnes (Spider:4)
  12 storm dragons
  A revenant (Abyss:2)
  3 protean progenitors
  9 draconian monks
  27 azure jellies
  Donald (Elf:1)
  12 fire giants
  16 rockslimes
  A daeva (D:10)
  11 draconian knights
  8 draconian scorchers (Zot:3)
  6 deep elf sorcerers
  Louise (Elf:2)
  7 draconian shifters
  8 emperor scorpions
  5 iron dragons
  4 deep elf elementalists (Elf:3)
  14 vault wardens
  6 frost giants
  4 cacodemons
  8 ghost moths
  2 balrugs (Depths:4)
  3 angels
  A draconian stormcaller (Zot:3)
  2 orc warlords
  5 reapers (Hell)
  A demonspawn blood saint (Depths:4)
  A spriggan defender (Depths:3)
  9 draconian annihilators
  17 very ugly things
  9 ironbound thunderhulks
  16 stone giants
  17 quicksilver oozes
  20 ironbound preservers
  A formless jellyfish (Slime:5)
  A broodmother (Spider:1)
  Nessos (D:13)
  A wendigo (Hell)
  14 black draconians
  13 green draconians
  7 deep elf annihilators
  8 deep elf death magi
  2 war gargoyles (Vaults:4)
  21 purple draconians
  6 deep elf demonologists
  26 spark wasps
  21 red draconians
  9 white draconians
  13 dire elephants
  7 yellow draconians
  Snorg (Lair:3)
  3 merfolk javelineers (Shoals:4)
  12 fire dragons
  2 blizzard demons
  A jiangshi (Vaults:3)
  10 merfolk impalers
  Josephine (D:13)
  9 ettins
  Harold (D:11)
  3 crystal guardians
  10 entropy weavers
  A deep elf high priest (Elf:3)
  Erolcha (D:9)
  3 peacekeepers
  16 yaktaur captains
  32 vault guards
  3 hydras
  12 great orbs of eyes
  17 ice dragons
  4 rakshasas
  5 ironbound frosthearts
  5 ogre magi
  4 spriggan air magi
  7 radroaches
  Erica (D:8)
  3 merfolk avatars
  2 alligators (Zot:1)
  A jorogumo (Spider:1)
  A death knight (D:15)
  2 satyrs (Shoals:3)
  A two-headed ogre (shapeshifter) (Vaults:5)
  10 centaur warriors
  5 boulder beetles
  4 tengu warriors
  3 two-headed ogres
  A catoblepas (D:13)
  The ghost of DeathSocks the Apologist, a journeyman GrGl of Zin (D:9)
  11 death yaks
  5 deep troll shamans
  6 merfolk aquamancers
  2 occultists
  8 deep troll earth magi
  5 vampire magi
  2 sphinx skeletons (Depths:3)
  Urug (D:11)
  24 dancing weapons
  2 thrashing horrors
  2 orc high priests
  9 hell hogs (Hell)
  3 soul eaters (Hell)
  3 spriggan berserkers
  13 demonic crawlers
  8 hell knights
  16 deep elf knights
  Sonja (D:11)
  6 sun demons
  14 skysharks
  A wretched star (Abyss:2)
  2 pharaoh ants
  5 sixfirhies
  2 fire crabs (Shoals:3)
  9 skeletal warriors
  A titan skeleton (Vaults:4)
  A death drake (shapeshifter) (Vaults:5)
  9 sea snakes
  3 death drakes
  7 iron trolls
  64 deep trolls
  2 swamp dragons
  A sun moth (Spider:4)
  7 deep elf archers
  A sea snake (shapeshifter) (Vaults:5)
  7 orb spiders
  9 arcanists
  A mana viper (shapeshifter) (Elf:3)
  An orb spider (shapeshifter) (Vaults:5)
  3 mana vipers (Zot:1)
  A steelbarb worm (shapeshifter) (Vaults:5)
  A swamp dragon (shapeshifter) (Vaults:5)
  4 glowing orange brains
  10 steelbarb worms
  16 ironbound convokers
  2 tengu zombies (Vaults:2)
  12 necromancers
  11 orc knights
  2 flayed ghosts
  9 starcursed masses (Abyss:2)
  8 lindwurms
  38 harpies
  A tengu skeleton (Vaults:4)
  33 wolf spiders
  18 deep elf zephyrmancers
  8 orc sorcerers
  20 deep elf pyromancers
  7 phantasmal warriors
  A shining eye (shapeshifter) (Vaults:5)
  6 shining eyes
  2 human zombies
  17 manticores
  2 frost giant zombies
  5 cyclopes
  25 ugly things
  Maurice (D:11)
  4 large abominations
  33 moths of wrath
  An iron dragon skeleton (Depths:3)
  A stone giant skeleton (Vaults:4)
  A salamander (shapeshifter) (D:15)
  12 fauns (Shoals:3)
  A meliai (shapeshifter) (D:10)
  9 elephants (Lair:5)
  A guardian serpent (Lair:5)
  A human skeleton (Vaults:2)
  16 water nymphs
  3 merfolk sirens
  16 vault sentinels
  3 gargoyles (D:12)
  A fire giant skeleton (Depths:2)
  A torpor snail (shapeshifter) (Vaults:5)
  12 black mambas
  A kobold blastminer (Orc:1)
  A moth of wrath (shapeshifter) (Vaults:5)
  A dire elephant zombie (Hell)
  An orange demon (Depths:4)
  3 rust devils
  A hellion (Depths:2)
  2 eyes of devastation
  3 smoke demons
  A centaur skeleton (Hell)
  22 cane toads
  5 torpor snails
  3 unseen horrors
  5 rime drakes
  2 efreet (D:15)
  26 yaktaurs
  7 komodo dragons
  4 freezing wraiths
  3 tengu conjurers
  8 trolls
  2 ancient zymes
  4 ice devils
  40 merfolk
  A polar bear (Lair:4)
  A troll (shapeshifter) (D:10)
  8 hornets
  7 wind drakes
  Grinder (D:5)
  11 saltlings (Orc:2)
  39 tarantellas
  A deep troll zombie (Vaults:2)
  15 dream sheep
  12 blink frogs
  A fire giant simulacrum (Depths:3)
  7 raiju (Abyss:2)
  29 culicivoras
  A human simulacrum (Vaults:4)
  31 jumping spiders
  9 snapping turtles
  A stone giant simulacrum (Vaults:4)
  A jumping spider (shapeshifter) (Elf:1)
  3 glass eyes
  113 slime creatures
  4 vampires
  A ynoxinul (Depths:4)
  Sigmund (D:4)
  10 air elementals
  57 yaks
  A shadow (D:11)
  4 spriggans
  23 water elementals
  16 wyverns
  A yak (shapeshifter) (Elf:3)
  10 wraiths
  4 fire bats
  An alligator snapping turtle simulacrum (Hell)
  6 basilisks
  A fire elemental (Elf:1)
  3 wargs
  Eustachio (D:5)
  16 golden eyes
  81 redbacks
  Grum (Lair:1)
  Menkaure (D:6)
  2 steam dragons
  8 hogs (Shoals:1)
  2 chaos spawn
  9 vampire mosquitoes
  A harpy simulacrum (Hell)
  5 acid dragons
  A swamp worm (shapeshifter) (Vaults:5)
  32 water moccasins
  Pargi (Sewer)
  2 sky beasts
  31 orc warriors
  3 black bears
  A merfolk simulacrum (Hell)
  A laughing skull (Abyss:2)
  23 wolves
  13 centaurs
  A spriggan simulacrum (Depths:2)
  14 boggarts
  A small abomination (Abyss:2)
  10 ogres
  A phantom (D:4)
  A kobold brigand (Sewer)
  10 bullfrogs
  2 weeping skulls (Abyss:2)
  3 scorpions
  2 earth elementals (Elf:1)
  12 wights
  A gnoll sergeant (D:10)
  A swamp dragon simulacrum (Hell)
  9 killer bees
  6 spriggan skeletons (D:11)
  A bombardier beetle (D:4)
  2 electric eels
  A troll skeleton (D:11)
  9 howler monkeys
  A quasit (Abyss:3)
  3 hounds
  10 jellies
  2 gnoll boudas
  17 orc priests
  A sleepcap (D:6)
  Terence (D:2)
  9 iguanas
  Natasha (thrice) (D:4)
  18 orc wizards
  5 hell rats (Lair:3)
  Robin (D:2)
  14 gnolls
  8 adders
  A river rat (D:4)
  A white imp (D:7)
  2 ribbon worms (D:2)
  2 dart slugs
  89 orcs
  2 ball pythons (D:2)
  5 bats
  5 endoplasms
  7 giant cockroaches
  10 goblins
  9 hobgoblins
  5 jackals
  12 kobolds
  3 quokkas
  2 frilled lizards (D:3)
  10 rats
  An aspiring flesh (Zot:5)
  A lurking horror (Zot:3)
2649 creatures vanquished.

Vanquished Creatures (others)
  A golden dragon (Zot:1)
  2 Orb Guardians (Zot:5)
  An acid blob (Slime:5)
  A death cob (Zot:1)
  An eldritch tentacle (Zot:2)
  A tengu reaver (Vaults:5)
  A rockslime (Slime:5)
  A draconian knight (Zot:1)
  A draconian stormcaller (Depths:4)
  An ironbound preserver (Vaults:5)
  An elemental wellspring (Hell)
  A red draconian (Zot:3)
  2 fire dragons
  An ice dragon (Zot:1)
  A great orb of eyes (Slime:1)
  A vault guard (Vaults:5)
  2 ogre magi (Abyss:3)
  A tengu warrior (D:10)
  A hell hog (Hell)
  A deep elf knight (Elf:2)
  A sixfirhy (Hell)
  A deep troll (Vaults:3)
  A glowing orange brain (Abyss:3)
  A phantasmal warrior (Vaults:5)
  2 harpies
  A large abomination (Abyss:2)
  An iron dragon skeleton (Depths:2)
  A bunyip simulacrum (Hell)
  2 wind drakes
  A troll (Orc:1)
  A saltling (Orc:2)
  A tarantella (Spider:2)
  A dream sheep (Lair:5)
  A wyvern (Lair:5)
  3 fire bats (Abyss:3)
  A harpy simulacrum (Hell)
  5 chaos spawn (Abyss:3)
  An acid dragon (Zot:1)
  An orc wizard (Orc:2)
  2 orcs (Orc:2)
  54 spectral weapons
106 creatures vanquished.

Grand Total: 2755 creatures vanquished

Notes
Turn   | Place    | Note
-------+----------+-------------------------------------------
     0 | D:1      | Khashishi the Octopode Shapeshifter began the quest for the
                  | Orb.
     0 | D:1      | Reached XP level 1. HP: 13/13 MP: 1/1
   170 | D:1      | Reached XP level 2. HP: 18/18 MP: 2/2
   213 | D:1      | Reached skill level 1 in Stealth
   538 | D:1      | Found Rachot's Weapon Emporium.
   764 | D:2      | Reached XP level 3. HP: 20/23 MP: 3/3
   788 | D:2      | Identified the +8 dagger of the Wraith {spect, Will+++
                  | rCorr Str-3 Dex-3}
   889 | D:2      | Noticed Terence
   896 | D:2      | Killed Terence
   931 | D:2      | Reached XP level 4. HP: 29/29 MP: 4/4
  1031 | D:2      | Noticed Robin
  1042 | D:2      | Killed Robin
  1043 | D:2      | Reached skill level 1 in Short Blades
  1478 | D:3      | Reached XP level 5. HP: 29/34 MP: 5/5
  1995 | D:4      | Noticed Natasha
  1999 | D:4      | Killed Natasha
  2015 | D:4      | Noticed a phantom
  2027 | D:4      | Killed a phantom
  2028 | D:4      | Reached XP level 6. HP: 41/41 MP: 6/6
  2094 | D:4      | Found a glowing drain.
  2113 | Sewer    | Entered a sewer
  2150 | Sewer    | Noticed Pargi
  2157 | Sewer    | Killed Pargi
  2165 | Sewer    | Reached XP level 7. HP: 38/46 MP: 7/7
  2323 | D:4      | Noticed Sigmund
  2332 | D:4      | Killed Sigmund
  2351 | D:4      | Reached skill level 5 in Stealth
  2449 | D:4      | Noticed Natasha
  2456 | D:4      | Killed Natasha
  2509 | D:4      | Noticed Natasha
  2514 | D:4      | Killed Natasha
  2546 | D:5      | Entered Level 5 of the Dungeon
  2557 | D:5      | Reached XP level 8. HP: 53/54 MP: 8/8
  2827 | D:5      | Identified the +9 quarterstaff of Articulation {freeze,
                  | ^Fragile Str+3 Int+4}
  2852 | D:5      | Found a radiant altar of Vehumet.
  3035 | D:5      | Noticed Eustachio
  3037 | D:5      | Killed Eustachio
  3038 | D:5      | Reached skill level 5 in Dodging
  3089 | D:5      | Noticed Grinder
  3100 | D:5      | Killed Grinder
  3294 | D:6      | Identified the +0 robe of Honesty {Harm Dex-5 Archmagi}
  3304 | D:6      | Reached skill level 5 in Fighting
  3368 | D:6      | Reached XP level 9. HP: 38/61 MP: 9/9
  3491 | D:6      | Reached skill level 5 in Short Blades
  3942 | D:6      | Noticed Menkaure
  3949 | D:6      | Killed Menkaure
  4708 | D:7      | Found a staircase to the Ecumenical Temple.
  4722 | Temple   | Entered the Ecumenical Temple
  4742 | Temple   | Became a worshipper of Ru the Awakened
  4811 | D:7      | Killed an unseen horror
  4812 | D:7      | Reached XP level 10. HP: 46/69 MP: 10/10
  5201 | D:7      | Found a blossoming altar of Fedhas.
  5325 | D:8      | Noticed Erica
  5328 | D:8      | Killed Erica
  5389 | D:8      | Found an opulent altar of Gozag.
  5392 | D:8      | Reached skill level 10 in Stealth
  5543 | D:8      | Found Foyzxuen's Tremendous Tomes.
  5811 | D:8      | Found an ornate altar of the Wu Jian Council.
  6291 | D:9      | Noticed Erolcha
  6305 | D:9      | Killed Erolcha
  6540 | D:9      | Reached XP level 11. HP: 62/77 MP: 11/11
  6570 | D:9      | Gained mutation: You occasionally lose the ability to drink
                  | potions when taking damage. [Ru sacrifice]
  6570 | D:9      | Gained mutation: You sometimes lose the ability to drink
                  | potions when taking damage. [Ru sacrifice]
  6570 | D:9      | Reached * piety under Ru
  6626 | D:9      | Found a runed translucent gate.
  6692 | D:9      | Found a runed translucent gate.
  6692 | D:9      | Found a runed translucent gate.
  6694 | D:9      | Noticed DeathSocks's ghost (journeyman GrGl)
  6942 | D:9      | Killed DeathSocks's ghost
  7018 | D:10     | Entered Level 10 of the Dungeon
  7029 | D:10     | Found a staircase to the Lair.
  7030 | D:10     | Noticed a death yak
  7052 | D:10     | Killed a death yak
  7055 | Lair:1   | Entered Level 1 of the Lair of Beasts
  7421 | D:10     | Found a sparkling altar of Nemelex Xobeh.
  7640 | D:10     | Reached skill level 10 in Dodging
  7918 | D:10     | Reached skill level 10 in Fighting
  8040 | D:10     | Noticed a tengu warrior
  8063 | D:9      | Reached XP level 12. HP: 75/87 MP: 12/12
  8327 | D:11     | Noticed Harold
  8331 | D:11     | Reached skill level 10 in Short Blades
  8372 | Lair:1   | You are sucked into a shaft and drop 1 floor!
  8411 | Lair:2   | Gained mutation: You are hated by all. [Ru sacrifice]
  8411 | Lair:2   | Reached ** piety under Ru
  8411 | Lair:2   | Reached *** piety under Ru
  8573 | Lair:2   | Identified the +0 war axe of Conscience {flame, rF- rN+
                  | MP+9 Dex+5}
  8662 | Lair:2   | Found a hole to the Spider Nest.
  9036 | Lair:2   | Found a staircase to the Shoals.
  9817 | Lair:1   | Noticed Grum
  9834 | Lair:1   | Killed Grum
 10662 | Lair:3   | Noticed a death yak
 10721 | Lair:3   | Reached XP level 13. HP: 96/96 MP: 13/13
 11001 | Lair:3   | Identified the +14 crystal plate armour of the Monkey's
                  | Uncle {SInv}
 11004 | Lair:3   | Identified the ring "Erueg" {rN+ AC+4 Dex+2 Stlth-}
 11013 | Lair:3   | Identified the +9 sling "Ogrebane" {freeze, Str+3}
 11063 | Lair:3   | Noticed Snorg
 11070 | Lair:3   | Killed Snorg
 11153 | Lair:3   | Gained mutation: You cannot study or use magical devices.
                  | [Ru sacrifice]
 11153 | Lair:3   | Reached **** piety under Ru
 11153 | Lair:3   | Reached ***** piety under Ru
 12573 | Lair:4   | Found a shimmering blue altar of Sif Muna.
 12868 | Lair:5   | Entered Level 5 of the Lair of Beasts
 12906 | Lair:5   | Reached XP level 14. HP: 97/106 MP: 14/14
 13020 | Lair:5   | Reached skill level 15 in Stealth
 13584 | Lair:5   | Found the +12 glaive of Prune {freeze, Prune}
 13626 | Lair:5   | Identified the +11 quarterstaff of Wariness {speed, Str+4
                  | Int-3}
 14080 | Lair:5   | Found a staircase to the Slime Pits.
 14273 | Lair:5   | Reached XP level 15. HP: 101/108 MP: 6/15
 14491 | D:10     | Identified the +1 spear "Bogail" {heavy, SInv Stlth+}
 14825 | D:10     | Identified the +0 ring mail of Courage {Regen+}
 15059 | D:11     | Killed Harold
 15060 | D:11     | Reached skill level 15 in Fighting
 15240 | D:11     | Noticed Urug
 15248 | D:11     | Noticed Maurice
 15250 | D:11     | Killed Urug
 15254 | D:11     | Killed Maurice
 15255 | D:11     | Reached skill level 15 in Dodging
 15316 | D:11     | Found a staircase to the Orcish Mines.
 15389 | D:11     | Noticed Sonja
 15397 | D:11     | Killed Sonja
 15439 | D:11     | Gained mutation: You cannot study or cast Air magic. [Ru
                  | sacrifice]
 15439 | D:11     | Gained mutation: You cannot study or cast Alchemy magic.
                  | [Ru sacrifice]
 15439 | D:11     | Gained mutation: You cannot study or cast Necromancy magic.
                  | [Ru sacrifice]
 16017 | D:12     | Found Ycwilet's Assorted Antiques.
 16553 | D:12     | You are sucked into a shaft and drop 1 floor!
 16748 | D:13     | Noticed Frances
 16765 | D:13     | Killed Frances
 16867 | D:13     | Noticed Josephine
 16881 | D:13     | Killed Josephine
 17300 | D:13     | Noticed Nessos
 17303 | D:13     | Killed Nessos
 17386 | D:13     | Found a snail-covered altar of Cheibriados.
 17422 | D:14     | Noticed Jorgrun
 17427 | D:14     | Killed Jorgrun
 17689 | D:14     | Found a radiant altar of Vehumet.
 17748 | D:14     | Gained mutation: You do not regenerate when monsters are
                  | visible. [Ru sacrifice]
 17748 | D:14     | Reached ****** piety under Ru
 17853 | D:15     | Entered Level 15 of the Dungeon
 18033 | D:15     | Reached XP level 16. HP: 102/115 MP: 6/16
 18327 | D:14     | Found a gate to the Vaults.
 18469 | D:14     | Reached skill level 1 in Shields
 18567 | D:15     | Found a staircase to the Depths.
 18682 | D:15     | Found Hiymaski's Armour Shop.
 19119 | Orc:1    | Entered Level 1 of the Orcish Mines
 19352 | Orc:2    | Entered Level 2 of the Orcish Mines
 19525 | Orc:2    | Reached skill level 5 in Shields
 19991 | Orc:2    | Found Yvidyumu's Weapon Boutique.
 20039 | Orc:2    | Found Ofehoh's Book Shop.
 20048 | Orc:2    | Found Acotif's Weapon Boutique.
 20280 | Orc:2    | Found Daugej's Assorted Antiques.
 20291 | Orc:2    | Bought the +3 warlock's mirror {omnireflect} for 1440 gold
                  | pieces
 20291 | Orc:2    | Found the +3 warlock's mirror {omnireflect}
 20468 | Orc:2    | Found a staircase to the Elven Halls.
 20954 | Elf:1    | Entered Level 1 of the Elven Halls
 21049 | Elf:1    | Paralysed by an air elemental for 1 turns
 21084 | Elf:1    | Noticed Norris
 21095 | Elf:1    | Killed Norris
 21355 | Elf:1    | Paralysed by an air elemental for 1 turns
 21362 | Elf:1    | Paralysed by an air elemental for 1 turns
 21859 | Elf:1    | Reached XP level 17. HP: 120/127 MP: 17/17
 22448 | Elf:1    | Noticed Donald
 22461 | Elf:1    | Killed Donald
 22506 | Elf:3    | Entered Level 3 of the Elven Halls
 22967 | Elf:2    | Found a runed translucent gate.
 22967 | Elf:2    | Found a runed translucent gate.
 22968 | Elf:2    | Found a runed translucent gate.
 23583 | Elf:2    | Noticed Saint Roka
 23595 | Elf:2    | Killed Saint Roka
 23596 | Elf:2    | Noticed Louise
 23625 | Elf:2    | Killed Louise
 23625 | Elf:2    | HP: 2/125 [+0 spectral executioner's axe (9)]
 24132 | Elf:2    | Identified the blade talisman "Dohoont" {rElec Will- rCorr
                  | Str+3 Dex+3}
 24432 | Elf:2    | Upgraded the game from 0.32-a0-20-ge526923d97 to
                  | 0.32-a0-22-g6ae6769602
 24589 | Elf:3    | Found Wanloube's Antique Armour Boutique.
 25245 | Elf:3    | Noticed a deep elf blademaster
 25253 | Elf:3    | Killed a deep elf blademaster
 25257 | Elf:3    | Noticed a deep elf blademaster
 25267 | Elf:3    | Killed a deep elf blademaster
 25278 | Elf:3    | Reached XP level 18. HP: 85/139 MP: 12/18
 25321 | Elf:3    | Noticed a deep elf master archer
 25326 | Elf:3    | Noticed a deep elf master archer
 25328 | Elf:3    | Reached skill level 10 in Shields
 25524 | Elf:3    | Killed a deep elf master archer
 25528 | Elf:3    | Killed a deep elf master archer
 25776 | Elf:3    | Identified the amulet "Noeq" {Reflect rPois rN++ Dex-5 SH+5
                  | SInv}
 25890 | Elf:3    | Identified the ring "Joteprass" {rF+ Will+ Int+5 Dex+3}
 25935 | Elf:3    | Found the +5 Storm Queen's Shield {shock, Fly rElec}
 25936 | Elf:3    | Found the amulet of the Four Winds {rN+ Will+++ Clar}
 26196 | Shoals:1 | Entered Level 1 of the Shoals
 26214 | Shoals:1 | Reached skill level 5 in Shapeshifting
 26391 | Shoals:1 | Found Yfeclogga's Overcharged Wands.
 27204 | Shoals:1 | Found Siguhol's Merfolk Armours.
 27212 | Shoals:1 | Found Siguhol's Merfolk Magic.
 27404 | Shoals:1 | Noticed Kirke
 27428 | Shoals:1 | Kirke changed into Kirke the hog
 27428 | Shoals:1 | Noticed Kirke
 27429 | Shoals:1 | Killed Kirke the hog
 27768 | Shoals:2 | Identified a scroll of acquirement
 27769 | Shoals:2 | Acquired 853 gold pieces
 28414 | Shoals:2 | Reached skill level 10 in Shapeshifting
 28414 | Shoals:2 | Reached XP level 19. HP: 136/146 MP: 19/19
 28991 | Shoals:4 | Entered Level 4 of the Shoals
 29606 | Shoals:4 | Identified the +1 morningstar of the Scroll {elec, rF+}
 29649 | Shoals:4 | Paralysed by an air elemental for 1 turns
 30236 | Shoals:4 | Paralysed by an air elemental for 1 turns
 30615 | Shoals:4 | Identified the ring of Codwitz {Fly rCorr Dex+3 Stlth+}
 30800 | Shoals:4 | Got a barnacled rune of Zot
 31158 | Spider:1 | Entered Level 1 of the Spider Nest
 31792 | Spider:1 | Reached XP level 20. HP: 153/153 MP: 20/20
 33267 | Spider:4 | Entered Level 4 of the Spider Nest
 33962 | Spider:4 | Noticed Agnes
 33967 | Spider:4 | Killed Agnes
 34295 | Spider:4 | Noticed Asterion
 34308 | Spider:4 | Killed Asterion
 34436 | Spider:4 | Reached XP level 21. HP: 121/160 MP: 0/21
 34457 | Spider:4 | Got a gossamer rune of Zot
 34874 | Slime:1  | Entered Level 1 of the Pits of Slime
 36602 | Slime:5  | Entered Level 5 of the Pits of Slime
 37383 | Slime:4  | Gained mutation: You occasionally lose the ability to read
                  | scrolls when taking damage. [a shining eye]
 38061 | Slime:5  | Noticed the Royal Jelly
 38269 | Slime:5  | HP: 2/128 [quicksilver ooze[the Royal Jelly] (24)]
 38969 | Vaults:1 | Entered Level 1 of the Vaults
 39014 | Vaults:1 | You are sucked into a shaft and drop 1 floor!
 39078 | Vaults:2 | Reached XP level 22. HP: 148/149 MP: 22/22
 41593 | Vaults:3 | Reached skill level 15 in Shapeshifting
 41707 | Vaults:3 | Identified the +8 hand axe of a treasure trove {flame,
                  | Dex+3}
 41708 | Vaults:3 | Identified the amulet of Dissent {Reflect rCorr Dex+2 SH+5}
 41738 | Vaults:3 | Identified the ring of Ughel {AC+4 SInv}
 41744 | Vaults:3 | Identified the +0 helmet of Laniem {rF+ rN+ Int-4}
 42023 | Vaults:3 | Acquired a manual of Maces & Flails
 42126 | Vaults:3 | Identified the +0 chain mail "Gowua" {rElec Int+2}
 42162 | Vaults:3 | Reached XP level 23. HP: 177/177 MP: 23/23
 42165 | Vaults:3 | Found a staircase to the Crypt.
 43472 | Vaults:4 | Reached skill level 15 in Shields
 44154 | Depths:1 | Entered Level 1 of the Depths
 44332 | Depths:2 | Found a gateway to Hell.
 44449 | Depths:2 | Found a one-way gate leading to the halls of Pandemonium.
 44459 | Depths:2 | Gained mutation: You are frail. (-10% HP) [a cacodemon]
 44575 | Depths:1 | Found Deoruzog's Book Shoppe.
 44687 | Depths:1 | Found Bodopnea's Weapon Shoppe.
 44721 | Depths:1 | Found a one-way gate to the infinite horrors of the Abyss.
 45328 | Depths:2 | Reached XP level 24. HP: 146/166 MP: 23/23
 45405 | Depths:2 | Found Hettagg's Jewellery Shoppe.
 45407 | Depths:2 | Found Awniuli's Book Shop.
 45408 | Depths:2 | Found Tikhlo's Jewellery Shoppe.
 45762 | Depths:2 | Found a stormy altar of Qazlal.
 46514 | Depths:3 | Found a one-way gateway to a ziggurat.
 46596 | Depths:3 | Reached skill level 27 in Stealth
 46598 | Depths:3 | Noticed an ancient lich
 46612 | Depths:3 | Killed an ancient lich
 46656 | Depths:3 | Found the +6 Majin-Bo {spellvamp, MP+6 Int+6}
 46913 | Depths:3 | Found Immiji's General Store.
 46940 | Depths:3 | Bought a scroll of teleportation for 39 gold pieces
 46940 | Depths:3 | Bought a scroll of fog for 52 gold pieces
 46940 | Depths:3 | Bought a potion of curing for 39 gold pieces
 46944 | Depths:3 | Identified the +1 helmet of Beauty {rC+ Dex+3}
 47148 | Depths:4 | Entered Level 4 of the Depths
 47166 | Depths:4 | Identified the +8 chain mail of the Blessed Realm {Stlth+}
 47361 | Depths:4 | Acquired the +6 rapier "Plojy" {speed, rF+ rC+ Int-4 Dex+6}
 47502 | Depths:4 | Found a gate to the Realm of Zot.
 47823 | Depths:4 | Reached XP level 25. HP: 173/173 MP: 23/23
 48263 | Depths:4 | Found a runed translucent door.
 48264 | Depths:4 | Noticed Vothoj's ghost (adept DgAE)
 48272 | Depths:4 | Killed Vothoj's ghost
 48329 | Depths:4 | Identified the dragon-blood talisman "Geoschon" {MP+9}
 48495 | Depths:4 | Found a hide-covered altar of Uskayaw.
 48671 | D:15     | Lost mutation: You occasionally lose the ability to read
                  | scrolls when taking damage. [potion of mutation]
 48671 | D:15     | Lost mutation: You are frail. (-10% HP) [potion of
                  | mutation]
 48671 | D:15     | Gained mutation: You are covered in fur. (AC +1) [potion of
                  | mutation]
 48671 | D:15     | Gained mutation: You have an increased reservoir of magic.
                  | (+10% MP) [potion of mutation]
 48882 | Vaults:5 | Entered Level 5 of the Vaults
 48919 | Vaults:5 | Noticed a dread lich
 48959 | Vaults:5 | Killed a dread lich
 49027 | Vaults:5 | Identified the +8 short sword "Awoy" {protect, rN++ MP-9
                  | Int+5}
 49051 | Vaults:5 | Noticed a dread lich
 49087 | Vaults:5 | Killed a dread lich
 49233 | Vaults:5 | Noticed Mara
 49244 | Vaults:5 | Killed Mara
 49512 | Vaults:5 | Identified the +1 great sword "Waqupisi" {freeze, Str+6
                  | Int-3 Dex+2}
 49590 | Vaults:5 | Gained mutation: You are weak. (Str -2) [a shining eye]
 49608 | Vaults:5 | Identified the +10 orcbow "Demonbane" {drain, rElec Str+2}
 49674 | Vaults:5 | Got a silver rune of Zot
 50106 | Vaults:5 | Identified the +0 helmet of Gawayts {Will+}
 50108 | Vaults:5 | Identified the +1 buckler of Courage {*Corrode Fly Str-5
                  | Slay+5}
 50195 | Vaults:5 | Reached XP level 26. HP: 203/203 MP: 25/25
 50596 | Depths:1 | Voluntarily entered the Abyss.
 50670 | Abyss:2  | Found a corrupted altar of Lugonu.
 50773 | Abyss:2  | Found a corrupted altar of Lugonu.
 50784 | Abyss:2  | Found a corrupted altar of Lugonu.
 51243 | Abyss:3  | Noticed an ancient lich
 51254 | Abyss:3  | Killed an ancient lich
 51261 | Abyss:3  | Noticed an ancient lich
 51274 | Abyss:3  | Killed an ancient lich
 51284 | Abyss:3  | Got an abyssal rune of Zot
 51319 | Depths:1 | Escaped the Abyss
 52297 | Slime:5  | Killed the Royal Jelly
 52390 | Slime:5  | Identified the +6 scale mail "Napinomu" {+Inv Int+6 SInv}
 52414 | Slime:5  | Identified the amulet of Moodiness {Reflect SH+5 SInv}
 52453 | Slime:5  | Got a slimy rune of Zot
 52536 | Slime:5  | Identified the amulet "Befapoxi" {Spirit rCorr}
 52539 | Slime:5  | Identified the +0 storm dragon scales of the New World
                  | {Harm rElec Will++ rCorr Int-5}
 52925 | Zot:1    | Entered Level 1 of the Realm of Zot
 53254 | Zot:1    | Found the +4 dragonskin cloak
 53254 | Zot:1    | Noticed Tiamat
 53303 | Zot:1    | Killed Tiamat
 53474 | Zot:1    | Found the +1 Delatra's gloves {ID++}
 54321 | Zot:1    | You are sucked into a shaft and drop 1 floor!
 54355 | Zot:2    | Reached XP level 27. HP: 215/215 MP: 25/25
 54811 | Zot:2    | Found a transporter.
 54812 | Zot:2    | Identified the ring "Honah" {*Corrode rPois rN+ Str+3
                  | Dex+5}
 54815 | Zot:2    | Noticed indigowater's ghost (veteran MiBe)
 54825 | Zot:2    | Found a transporter.
 54870 | Zot:2    | Killed indigowater's ghost
 55498 | Zot:3    | Noticed an orb of fire
 55517 | Zot:3    | Killed an orb of fire
 55532 | Zot:3    | Noticed an orb of fire
 55543 | Zot:3    | Gained mutation: Your body sometimes deteriorates upon
                  | taking damage. [an orb of fire]
 55545 | Zot:3    | Gained mutation: You occasionally shout uncontrollably at
                  | your foes. [an orb of fire]
 55558 | Zot:3    | Killed an orb of fire
 55573 | Zot:3    | Found a faded altar of an unknown god.
 55573 | Zot:3    | Identified the +9 long sword of Fylarut {drain, *Corrode
                  | rElec MP+9 Int+2}
 56016 | Zot:3    | Found a transporter.
 56021 | Zot:3    | Noticed Pessaschasee's ghost (legendary HOFi)
 56043 | Zot:3    | Killed Pessaschasee's ghost
 56332 | Zot:3    | Found a transporter.
 57277 | Zot:5    | Entered Level 5 of the Realm of Zot
 58198 | Hell     | Entered the Vestibule of Hell
 58198 | Hell     | Noticed Geryon
 58214 | Hell     | Killed Geryon
 58385 | Hell     | Found a gateway to the freezing wastes of Cocytus.
 58494 | Hell     | Found a gateway to the Iron City of Dis.
 58563 | Hell     | Found a gateway to the ashen valley of Gehenna.
 58608 | Hell     | Found a gateway to the decaying netherworld of Tartarus.
 59384 | Zot:5    | Noticed an orb of fire
 59407 | Zot:5    | Killed an orb of fire
 59415 | Zot:5    | Noticed an ancient lich
 59422 | Zot:5    | Killed an ancient lich
 59478 | Zot:5    | Noticed an orb of fire
 59481 | Zot:5    | Noticed an orb of fire
 59506 | Zot:5    | Killed an orb of fire
 59507 | Zot:5    | Killed an orb of fire
 59510 | Zot:5    | Reached skill level 27 in Fighting
 59532 | Zot:5    | Noticed an ancient lich
 59532 | Zot:5    | Noticed an ancient lich
 59562 | Zot:5    | Killed an ancient lich
 59568 | Zot:5    | Killed an ancient lich
 59789 | Zot:5    | Noticed an ancient lich
 59796 | Zot:5    | Killed an ancient lich
 60260 | Zot:5    | Got the Orb of Zot
 60344 | Zot:4    | Noticed Ugackerph the pandemonium lord
 60362 | Zot:4    | Killed Ugackerph the pandemonium lord
 60393 | Zot:3    | Noticed Sireuq the pandemonium lord
 60410 | Zot:3    | Killed Sireuq the pandemonium lord
 60479 | Zot:2    | Noticed Vizuehes the pandemonium lord
 60561 | Depths:4 | Noticed Zargh the pandemonium lord
 60576 | Depths:4 | Killed Zargh the pandemonium lord
 60617 | Depths:4 | Noticed Etuttawk the pandemonium lord
 60664 | Depths:4 | Killed Etuttawk the pandemonium lord
 60734 | Depths:1 | Noticed Duis the pandemonium lord
 60746 | D:15     | Killed Duis the pandemonium lord
 60882 | D:10     | Noticed a seraph
 60907 | D:10     | Killed a seraph
 61115 | D:$      | Escaped with the Orb!

Illustrated notes

Levels and vault maps discovered:
D:1:      lemuel_arrival_funnel, layout_loops_ring, serial_shops, shop,
          serial_forest, infiniplex_forest_lined_4_way,
          infiniplex_forest_lined_room_2, infiniplex_forest_straight_2,
          infiniplex_forest_straight_3, infiniplex_forest_clump_cross
D:2:      layout_loops_ring, minivault_5, uniq_terence, uniq_robin
D:3:      layout_basic, minmay_quantized
D:4:      layout_rooms, portal_sewer_entry_a, kennysheep_generic_room_13,
          uniq_natasha, uniq_sigmund
D:5:      layout_basic, kennysheep_mini_moat, hangedman_minor_gate_pass,
          uniq_eustachio, uniq_grinder
D:6:      layout_basic, nrook_mini_backslash, minivault_5, uniq_menkaure
D:7:      layout_loops_ring, lemuel_coloured_pillars_altar,
          minmay_temple_entry_mist, minivault_4
D:8:      layout_loops_ring, nicolae_overflow_crystal_walls,
          general_overflow_altar, minivault_23, nicolae_shop_i_like_big_books,
          uniq_erica
D:9:      cheibrodos_iron_armory, layout_small_grid, biasface_ghost_orc_armoury,
          uniq_erolcha
D:10:     minmay_the_grid_triangle_9x9_rhombus_thin
          [minmay_the_grid_triangle_9x9_negative_grid,
          minmay_the_grid_triangle_9x9_prize_center,
          minmay_the_grid_triangle_9x9_wacky_v,
          minmay_the_grid_triangle_9x9_sprig], layout_loops_ring,
          nemelex_diamond_rough_becter, david_lair_generic
D:11:     layout_irregular_city, david_orc_2, grunt_ministairs_2,
          hangedman_tell_no_tales, uniq_sonja, uniq_harold, uniq_urug,
          uniq_maurice
D:12:     layout_loops_ring, serial_shops, nicolae_shop_trees
D:13:     layout_roguey, cheibriados_altar_1, uniq_nessos, uniq_frances,
          uniq_josephine
D:14:     layout_roguey, david_vaults_5, nicolae_vehumet_radiance, uniq_jorgrun
D:15:     grunt_enter_depths_giant_problem, layout_cave_pools, serial_shops,
          nicolae_shop_crystal
Temple:   sentei_temple_godly_chess
Lair:1:   layout_concentric_octagons, uniq_grum
Lair:2:   layout_chaotic_city, minmay_shoals_entry_beasts,
          hellmonk_spider_entry_life_and_decay, serial_bayou_shore_a,
          grunt_megastairs_1, serial_bayou_shore_b
Lair:3:   layout_cave_pods, minmay_lindwurm_lava, grunt_megastairs_4, uniq_snorg
Lair:4:   layout_loops_ring, basic_altar, serial_bayou_pond_e, lemuel_fruit_tree
Lair:5:   guppyfry_lair_end_dragon, layout_long_grid,
          hangedman_lair_tendril_chambers, dpeg_slime_entry_enclosed
Shoals:1: nicolae_shoals_mermall, layout_shoals,
          nicolae_shoals_lost_giant_pillars, nicolae_shop_overcharged_wands,
          uniq_kirke
Shoals:2: layout_shoals, nzn_prometheus_bound
Shoals:3: layout_shoals, hangedman_shoal_volcano
Shoals:4: shoals_end_hellmonk_storm_palace [storm_palace_center_ruins,
          storm_palace_corner_reverse_hut, storm_palace_corner_narrow,
          storm_palace_corner_narrow, storm_palace_corner_grid]
Spider:1: layout_spider_delve, nicolae_spider_some_kinda_spiderbox,
          hangedman_spider_tarantella_strand
Spider:2: layout_spider_delve, nicolae_spider_stair_cavern
Spider:3: mumra_spider_spiderweb
Spider:4: grunt_spider_rune_circles, nicolae_spider_wall_of_niches, uniq_agnes,
          uniq_asterion
Slime:1:  layout_caves, nicolae_slime_getting_an_eyeful
Slime:2:  layout_caves, nicolae_slime_welcoming_committee
Slime:3:  layout_caves
Slime:4:  layout_caves
Slime:5:  slime_pit_nicolae_trefoil
Orc:1:    layout_caves, nicolae_orc_quarried_blocks
Orc:2:    hellmonk_orc_salted, layout_caves, basic_altar, minmay_orc_temple_b
Elf:1:    eino_elf_arrival_shootout, layout_gridlike, evilmike_minifort,
          uniq_norris, uniq_donald
Elf:2:    elven_hall_of_blades_hangedman_original
          [infiniplex_blade_entry_pillars], layout_geoelf_grid, uniq_louise,
          uniq_saint_roka
Elf:3:    elf_hall, layout_geoelf_grid, serial_shops, shop, dk_noncrumbling_3
Vaults:1: vaults_mumra_chevron_long, nicolae_vaults_turnstiles, v_misc_22,
          nicolae_vaults_door_testing_chamber, v_misc_15,
          nicolae_vaults_alarming, ontoclasm_vaults_tryst,
          nicolae_vaults_whirlpool_walls, layout_vaults_ring
Vaults:2: nicolae_vaults_network_star, nicolae_vaults_tangram_1, v_misc_30,
          vaults_room_corners, nicolae_vaults_oval_intersection,
          nicolae_vaults_three_branches, nicolae_vaults_wine_cellar,
          ontoclasm_vaults_echo, nicolae_vaults_double_plus_1,
          nicolae_vaults_apartment_2, nicolae_vaults_tetromino_L_2,
          layout_vaults_quadrants
Vaults:3: nicolae_vaults_closet_pinwheel_3, vaults_room_semicircle,
          minmay_crypt_entry_simple_plaza, nicolae_vaults_ring_of_whatevers,
          nicolae_vaults_little_squares_5, nicolae_vaults_closet_pinwheel_2,
          nicolae_vaults_trapezoid_layered, nicolae_vaults_more_shelving_2,
          nicolae_vaults_storing_the_good_stuff, vaults_room_pools,
          vaults_mumra_hex, nicolae_vaults_house_2, layout_vaults_omnicross
Vaults:4: hangedman_vaults_impose, nicolae_vaults_storage_closets_1,
          hangedman_vaults_nodes, nicolae_vaults_closet_pinwheel_5,
          ontoclasm_vaults_ring_small, grunt_vaults_twisty,
          hangedman_vaults_unwind, nicolae_vaults_storage_room_glass,
          nicolae_vaults_two_Ls, nicolae_vaults_prndl,
          nicolae_vaults_little_squares_5, nicolae_vaults_tetromino_Z_2,
          vaults_room_door_ring, layout_vaults_big_room
Vaults:5: uniq_mara
Depths:1: layout_cave_pools, chequers_serial_rivers_micro_b, abyss_entry,
          grunt_hell_entry_dis_old, serial_library_hellmonk_recessed_alcove,
          nicolae_the_louvre, minmay_shop_star
Depths:2: nicolae_cairo_tiling_large_dashed, layout_gridlike,
          nicolae_qazlal_scattered_showers, rand_demon_pan_entry_3, hell_entry,
          abyss_entry, infiniplex_staircase_river, firewood_loft,
          minmay_shop_grove
Depths:3: minmay_guarded_unrand_majin_bo, layout_gridlike, enter_ziggurat_a,
          abyss_entry, hell_entry, serial_shops, nicolae_shop_stone,
          minmay_misc_feat_encased, pan_entry, infiniplex_staircase_9_rooms
Depths:4: lemuel_castle_with_subvaults [lemuel_castle_interior_carwin_1],
          layout_basic, abyss_entry_crystal, corexii_leaking_fountain,
          ebering_ghost_reflecting_pool, pf_coc_iceberg, lemuel_statue_altar,
          glass_columns_a
Hell
Zot:1:    layout_concentric_octagons, st_grand_hoard_of_tiamat
Zot:2:    layout_misc_corridors, hangedman_zot_decor_checkerboard,
          gammafunk_ghost_arena
Zot:3:    regret_index_infernal_bastille, layout_onion_interference,
          gammafunk_ghost_abyssal_escape, uniq_grunn
Zot:4:    layout_gridlike, regret_index_zotdec_barnacled_simple
Zot:5:    layout_gridlike, st_stairs_6

Skill      XL: |  1  2  3  4  5  6  7  8  9 10 11 12 13 14 15 16 17 18 19 20 21 22 23 24 25 26 27 |
---------------+----------------------------------------------------------------------------------+-----
Stealth        | 1 2 3 4 5 7 9 10 12 14 17 19 20 21 22 23 24 25 26 27 | 27.0
Fighting       | 2 3 5 6 8 10 11 13 14 15 16 17 18 19 20 21 22 24 27 | 27.0
Short Blades   | 1 2 3 4 6 8 9 10 11 14 | 14.0
Dodging        | 3 4 5 6 8 10 11 13 14 15 16 17 18 19 20 21 22 23 25 | 25.3
Shapeshifting  | 4 10 12 13 14 15 16 17 20 | 20.6
Shields        | 7 9 10 11 12 13 14 15 16 17 18 21 | 21.5
Unarmed Combat | |  3.2

Action                     |  1- 3 |  4- 6 |  7- 9 | 10-12 | 13-15 | 16-18 | 19-21 | 22-24 | 25-27 || total
---------------------------+-------+-------+-------+-------+-------+-------+-------+-------+-------++-------
  Melee: Unarmed           |    36 |       |       |       |       |       |       |       |       ||    36
         Constrict         |    12 |    19 |    37 |    60 |   121 |   216 |   207 |   148 |   217 ||  1037
         Tentacles         |     6 |    14 |    32 |   118 |   274 |   342 |   433 |   594 |   993 ||  2806
         Punch             |     1 |       |     6 |    20 |    33 |    47 |    82 |    91 |   122 ||   402
         Dagger            |     7 |    77 |   146 |   434 |   802 |  1017 |  1202 |  1208 |       ||  4893
         Maw               |       |       |       |       |       |    18 |   574 |   749 |  1188 ||  2529
         Rapier            |       |       |       |       |       |       |       |   153 |  2101 ||  2254
  Throw: Dart              |       |     5 |     6 |    21 |     7 |     6 |    11 |     4 |     4 ||    64
         Throwing net      |       |       |     2 |     1 |       |       |       |       |     1 ||     4
 Invoke: Sacrifice Drink   |       |       |       |     1 |       |       |       |       |       ||     1
         Draw Out Power    |       |       |       |     3 |     1 |     5 |     4 |       |     1 ||    14
         Sacrifice Love    |       |       |       |     1 |       |       |       |       |       ||     1
         Power Leap        |       |       |       |       |     1 |       |     1 |       |       ||     2
         Sacrifice Artific |       |       |       |       |     1 |       |       |       |       ||     1
         Apocalypse        |       |       |       |       |     3 |     7 |     5 |       |     8 ||    23
         Reject Sacrifices |       |       |       |       |     1 |       |       |       |       ||     1
         Sacrifice Purity  |       |       |       |       |     1 |       |       |       |       ||     1
         Sacrifice Arcana  |       |       |       |       |     1 |       |       |       |       ||     1
Ability: Begin Untransform |       |       |     1 |       |       |       |       |       |       ||     1
  Evoke: Wand              |       |       |       |     1 |       |       |       |       |       ||     1
    Use: Scroll            |       |     3 |     4 |     6 |     9 |    19 |    11 |     2 |     7 ||    61
         Potion            |       |     1 |     2 |     5 |       |    11 |    14 |       |    13 ||    46
   Stab: Sleeping          |    12 |    10 |    21 |    17 |    38 |    50 |   128 |    91 |    37 ||   404
         Distracted        |       |       |     2 |    14 |    43 |    38 |    73 |    95 |    65 ||   330
         Invisible         |       |       |       |    12 |     2 |    12 |     4 |     8 |    27 ||    65
         Paralysed         |       |       |       |       |     4 |     4 |     5 |     2 |    28 ||    43
 Armour: Skin              |     8 |    32 |    48 |   107 |   156 |   211 |   160 |    88 |   237 ||  1047
  Dodge: Dodged            |    16 |    26 |    43 |   152 |   348 |   394 |   282 |   384 |   599 ||  2244
  Block: Buckler           |       |       |       |       |       |   263 |   146 |       |       ||   409
         Reflection        |       |       |       |       |       |    19 |    30 |    28 |    37 ||   114
         Kite shield       |       |       |       |       |       |       |   427 |   790 |  1097 ||  2314
   Form: Beast             |     1 |       |       |       |       |       |       |       |       ||     1
         Maw               |       |       |       |       |       |     1 |     1 |       |     2 ||     4
         Blade             |       |       |       |       |       |       |     1 |       |       ||     1
         Storm             |       |       |       |       |       |       |       |       |     2 ||     2

Table legend: (Time is in decaauts)
 A = Elapsed time spent in this place.
 B = Non-inter-level travel time spent in this place.
 C = Inter-level travel time spent in this place.
 D = Time resting spent in this place.
 E = Time spent auto-exploring this place.
 F = Levels seen in this place.
 G = Mean time per level.
                   A        B        C        D        E       F      G
               +--------+--------+--------+--------+--------+-----+--------+
         Total |  57718 |  52608 |   5110 |   9736 |  17165 |  58 |  995.1 |
       Dungeon |  13575 |  11977 |   1598 |   1864 |   6129 |  15 |  905.0 |
        Temple |     26 |     26 |      0 |      0 |      0 |   1 |   26.0 |
          Lair |   6505 |   5641 |    864 |   1577 |   1754 |   5 | 1301.0 |
        Shoals |   4569 |   4394 |    175 |   1357 |   1232 |   4 | 1142.2 |
   Spider Nest |   3368 |   3190 |    178 |    408 |   1007 |   4 |  842.0 |
    Slime Pits |   4594 |   4216 |    378 |   1036 |      0 |   5 |  918.8 |
  Orcish Mines |   1738 |   1683 |     55 |    498 |    418 |   2 |  869.0 |
   Elven Halls |   4932 |   4804 |    128 |   1806 |    567 |   3 | 1644.0 |
        Vaults |   6374 |   5873 |    501 |    312 |   2186 |   5 | 1274.8 |
        Depths |   4698 |   4133 |    565 |    241 |   1138 |   4 | 1174.5 |
          Hell |    373 |    373 |      0 |     32 |    124 |   1 |  373.0 |
           Zot |   6188 |   5523 |    665 |    605 |   2610 |   5 | 1237.6 |
         Abyss |    652 |    652 |      0 |      0 |      0 |   3 |  217.3 |
         Sewer |    119 |    119 |      0 |      0 |      0 |   1 |  119.0 |
               +--------+--------+--------+--------+--------+-----+--------+

Top non-repeatable levels by time:
   Zot:3: 2029 daAuts
   Elf:2: 1960 daAuts
  Lair:2: 1764 daAuts
Depths:4: 1604 daAuts
    D:10: 1557 daAuts
  Lair:3: 1543 daAuts
   Elf:1: 1488 daAuts
   Elf:3: 1483 daAuts
  Lair:5: 1478 daAuts
Vaults:2: 1475 daAuts
 Slime:5: 1459 daAuts
   Zot:1: 1443 daAuts
   Orc:2: 1399 daAuts
Vaults:3: 1294 daAuts
Shoals:1: 1287 daAuts
